 Dungeon Crawl Stone Soup version 0.23.2-40-g277498a001 (webtiles) character file.

Game seed: 1131053567669980886

579215 ANON1729 the Invulnerable (level 25, -7/235 HPs)
             Began as a Minotaur Berserker on Oct 19, 2019.
             Was a High Priest of Trog.
             Killed from afar by a golden dragon (36 damage)
             ... with a bolt of fire
             ... on level 4 of the Vaults.
             The game lasted 03:45:35 (85863 turns).

ANON1729 the Invulnerable (Minotaur Berserker)     Turns: 85863, Time: 03:45:48

Health: -7/235     AC: 40    Str: 34    XL:     25   Next: 88%
Magic:  31/31      EV: 16    Int:  3    God:    Trog [*****.]
Gold:   7356       SH:  0    Dex: 14    Spells: 24/24 levels left

rFire    + . .     SeeInvis .   Q - +9 triple sword (chaos)
rCold    + + .     Gourm    .   (shield currently unavailable)
rNeg     + + +     Faith    +   b - +9 gold dragon scales
rPois    +         Spirit   .   (helmet restricted)
rElec    +         Reflect  .   Z - scarf {repulsion}
rCorr    +         Harm     .   W - +0 pair of gloves
MR       +++..                  f - +0 pair of boots
Stlth    ..........             G - amulet of the Ant {Faith rElec rN+ MR+}
HPRegen  0.49/turn              g - ring "Wiwissef" {rN+ Str+6 Int-3}
MPRegen  0.22/turn              P - ring of Spring {rCorr rN++ Slay+3}

@: about to teleport, repel missiles
A: retaliatory headbutt, horns 2, cold resistance 1, magic resistance 1,
evolution 1
}: 3/15 runes: serpentine, barnacled, abyssal
a: Berserk, Trog's Hand, Brothers in Arms, Renounce Religion


You were on level 4 of the Vaults.
You worshipped Trog.
Trog was extremely pleased with you.
You were not hungry.

You visited 8 branches of the dungeon, and saw 44 of its levels.
You visited the Abyss 6 times.
You also visited: Sewer, Ossuary and Ice Cave.

You collected 7356 gold pieces.

Inventory:

Hand Weapons
 Q - a +9 triple sword of chaos (weapon)
 R - a +7 eudemon blade of holy wrath
Missiles
 I - 17 steel tomahawks (quivered)
Armour
 b - +9 gold dragon scales (worn)
 f - a +0 pair of boots (worn)
 N - a +2 hat of intelligence
 W - a +0 pair of gloves (worn)
 Z - a scarf of repulsion (worn)
Jewellery
 g - the ring "Wiwissef" (left hand) {rN+ Str+6 Int-3}
   (You found it on level 4 of the Lair of Beasts)

   [ring of intelligence]

   It affects your strength (+6).
   It affects your intelligence (-3).
   It protects you from negative energy.
 z - an uncursed ring of protection from magic
 G - an amulet of the Ant (around neck) {Faith rElec rN+ MR+}
   (You found it on level 6 of the Dungeon)

   [amulet of faith]

   It allows you to gain divine favour quickly.
   It insulates you from electricity.
   It protects you from negative energy.
   It affects your resistance to hostile enchantments.
 P - the ring of Spring (right hand) {rCorr rN++ Slay+3}
   (You found it on level 11 of the Dungeon)

   [ring of resist corrosion]

   It affects your accuracy and damage with ranged weapons and melee attacks
   (+3).
   It greatly protects you from negative energy.
 V - an uncursed ring of protection from cold
Wands
 a - a wand of clouds (6)
 j - a wand of random effects (18)
 D - a wand of acid (5)
 E - a wand of digging (10)
 J - a wand of scattershot (5)
Scrolls
 d - 10 scrolls of blinking
 h - 15 scrolls of teleportation
 m - 8 scrolls of fear
 n - 16 scrolls of remove curse
 o - 4 scrolls of vulnerability
 r - 19 scrolls of identify
 v - 4 scrolls of fog
 y - 2 scrolls of brand weapon
 B - 7 scrolls of magic mapping
 F - 5 scrolls of silence
 L - 9 scrolls of immolation
 M - a scroll of summoning
 O - 5 scrolls of holy word
Potions
 e - 19 potions of curing
 k - 10 potions of might
 l - 2 potions of heal wounds
 p - 4 potions of haste
 q - 2 potions of ambrosia
 t - 6 potions of flight
 u - 9 potions of berserk rage
 w - 6 potions of mutation
 x - 4 potions of agility
 A - 3 potions of cancellation
 C - 9 potions of brilliance
 X - 2 potions of invisibility
 Y - a potion of resistance
Miscellaneous
 i - a phial of floods
 K - a lamp of fire
 U - 2 phantom mirrors
Comestibles
 c - 46 rations
 s - 5 chunks of flesh


   Skills:
 + Level 21.2 Fighting
 O Level 27 Long Blades
 + Level 17.8 Throwing
 O Level 27 Armour
 + Level 14.6 Dodging
 + Level 12.5 Evocations


You had 24 spell levels left.
You didn't know any spells.
Your spell library contained the following spells:

 Spells                   Type           Power        Failure   Level  Hunger
 Sandblast                Erth           #.....       95%         1    ##.....
 Passwall                 Tmut/Erth      #.......     99%         2    ###....
 Stone Arrow              Conj/Erth      #.....       100%        3    ####...
 Leda's Liquefaction      Hex/Erth       #.........   100%        4    #####..
 Shatter                  Erth           #.........   100%        9    #######


Dungeon Overview and Level Annotations

Branches:
Dungeon (15/15)            Temple (0/1) D:4            Lair (6/6) D:9
 Shoals (4/4) Lair:4        Snake (4/4) Lair:4        Slime (0/5) Lair:6
    Orc (2/2) D:11            Elf (3/3) Orc:2        Vaults (5/5) D:14
  Crypt (0/3) Vaults:2     Depths (5/5) D:15            Zot (0/5) Depths:5

Altars:
Ashenzari
Dithmenos
Fedhas
Gozag
Hepliaklqana
Nemelex Xobeh
Sif Muna
Trog
Vehumet
Xom
The Shining One
Jiyva
Lugonu

Shops:
Orc:2 }[([   Elf:3 ?=(   Snake:1 }   Vaults:3 :   Depths:1 (

Portals:
Hell: Depths:1 Depths:2 Depths:3 Depths:4 Depths:5
Abyss: Depths:1 Depths:3 Depths:4
Pandemonium: Depths:3 Depths:5
Ziggurat: Depths:1


Innate Abilities, Weirdness & Mutations

You reflexively headbutt those who attack you in melee.
You have a pair of horns on your head.
Your flesh is cold resistant. (rC+)
You are resistant to hostile enchantments. (MR+)
You evolve.


Message History

The bolt of cold misses you.
The storm dragon breathes lightning at you.
The bolt of lightning hits you. You resist.
* * * LOW HITPOINT WARNING * * *
The yaktaur wields a +0 arbalest of flaming.
It bursts into flame!
The yaktaur shoots a bolt.
The bolt hits you but does no damage. The yaktaur captain hits you!
* * * LOW HITPOINT WARNING * * *
The ironbrand convoker gestures at the yaktaur captain while chanting.
The yaktaur captain seems to grow stronger.
You see here a bolt.
Unknown command.
The yaktaur captain hits you but does no damage.
The storm dragon breathes lightning at you.
The bolt of lightning hits the golden dragon!
The golden dragon resists.
The bolt of lightning hits you but does no damage.
The golden dragon breathes fire at you. The bolt of fire hits you!!!
You resist.
You die...

#..####..'..........# #.#(..#
#..'..#..#..........# #.#.#.#
#..#..#..#########'########.#.#.#
#..####..# #..........#.#####
.........# #..........#...#..
.........# #...D......#.###.#
#..#'##..# #..Dc......#.#...#
'..#..#..# #..c.>[....#.#####
#..#..#..# #@.p.......#.#.#.#
#..####..# ###'##'#######.#.#.#
.........# #.......# #......
.........# #.......######'#####
########## #.....)<'.......# #
#..>....#.###.#.# #
#.......#.#...#.# #
#.......#.#...#.# #
#.......#.#.###.# #


You could see a golden dragon, a storm dragon, a yaktaur captain, an ironbrand
convoker and a yaktaur.

Vanquished Creatures
  5 juggernauts
  4 caustic shrikes
  Saint Roka (Vaults:1)
  4 golden dragons
  4 bone dragons
  A Hell Sentinel (Abyss:2)
  An Ice Fiend (IceCv)
  12 tentacled monstrosities
  5 quicksilver dragons
  An acid blob (D:14)
  Asterion (Elf:3)
  6 liches
  2 titans
  A deep elf blademaster (Elf:3)
  A deep elf master archer (Elf:3)
  An Executioner (Abyss:2)
  5 sphinxes
  Kirke (Shoals:3)
  7 tentacled starspawn
  4 storm dragons
  Ilsuiw (Shoals:3)
  7 tengu reavers
  3 shadow dragons
  9 nagarajas
  A draconian monk (Depths:5)
  14 fire giants
  Donald (Vaults:2)
  12 frost giants
  2 iron dragons (Depths:5)
  A ghost moth (Depths:1)
  An orc warlord (Vaults:3)
  22 large abominations
  5 vault wardens
  11 deep elf elementalists
  8 deep elf sorcerers
  A balrug (Abyss:3)
  A cacodemon (Abyss:2)
  A draconian stormcaller (Abyss:2)
  17 stone giants
  25 very ugly things
  11 ironheart preservers
  A war gargoyle (Vaults:5)
  An entropy weaver (Vaults:4)
  2 ophanim (Abyss:3)
  The ghost of makkenr95 the Severer, a journeyman MiFi of Trog (D:14)
  3 vampire knights
  5 deep elf demonologists
  A lorocyproca (Abyss:3)
  6 deep elf annihilators
  A minotaur (D:14)
  9 spark wasps
  A yellow draconian (Abyss:3)
  A green death (Abyss:3)
  2 blizzard demons
  7 deep elf death magi
  9 ettins
  3 crystal guardians
  8 merfolk javelineers
  13 fire dragons
  An eidolon (Vaults:2)
  7 merfolk impalers
  10 great orbs of eyes
  16 yaktaur captains
  6 jiangshi (Depths:3)
  12 ogre magi
  5 deep elf high priests
  4 ice dragons
  30 vault guards
  7 hydras
  3 rakshasas
  2 catoblepae
  16 naga warriors
  11 anacondas
  9 centaur warriors
  3 merfolk aquamancers (Shoals:3)
  A spriggan air mage (Depths:5)
  An alligator snapping turtle (Depths:3)
  An anaconda (shapeshifter) (Depths:4)
  59 two-headed ogres
  4 merfolk avatars
  19 dancing weapons
  7 death yaks
  2 deep troll shamans
  15 thrashing horrors
  4 hell hogs (Abyss:3)
  5 deep troll earth magi
  6 tengu warriors
  A satyr (Shoals:4)
  Urug (D:11)
  2 orc high priests
  5 vampire magi
  6 spriggan berserkers
  A storm dragon zombie (Vaults:2)
  21 deep elf knights
  2 shock serpents (shapeshifter)
  18 naga sharpshooters
  3 sun demons (Abyss:3)
  8 shock serpents
  Sonja (Orc:2)
  3 salamander mystics
  Nergalle (Lair:4)
  4 iron trolls
  2 wretched stars
  An unseen horror (Vaults:1)
  3 sixfirhies
  8 glowing orange brains
  A storm dragon skeleton (Vaults:2)
  7 deep trolls
  17 hell knights
  2 cherubim (Abyss:3)
  2 wizards
  12 sea snakes
  An orange crystal statue (Elf:2)
  9 ironbrand convokers
  A kraken simulacrum (Shoals:4)
  10 naga ritualists
  4 phantasmal warriors
  2 harpies (shapeshifter)
  23 deep elf archers
  8 necromancers
  11 orc knights
  A lindwurm (shapeshifter) (Depths:2)
  6 flayed ghosts
  10 harpies
  9 mana vipers
  8 orc sorcerers
  A wolf spider zombie (D:14)
  A mana viper (shapeshifter) (Depths:2)
  A glowing shapeshifter (Depths:3)
  10 manticores
  9 fauns
  9 oklob plants
  9 cyclopes
  67 deep elf magi
  An iron dragon skeleton (Abyss:3)
  16 salamanders
  2 wolf spiders (Vaults:4)
  54 ugly things
  2 worldbinders (Abyss:3)
  A salamander (shapeshifter) (Depths:3)
  2 black mambas (shapeshifter)
  3 ice statues
  30 black mambas
  3 water nymphs (Shoals:4)
  17 naga magi
  9 elephants
  12 vault sentinels
  A guardian serpent (shapeshifter) (Vaults:3)
  11 guardian serpents
  10 merfolk sirens
  7 smoke demons
  3 orange demons
  A gargoyle (D:13)
  A spiny frog (shapeshifter) (D:15)
  A human zombie (Vaults:2)
  7 spiny frogs
  A torpor snail (Shoals:3)
  3 centaur skeletons
  4 komodo dragons
  A hellion (Abyss:3)
  2 rime drakes (shapeshifter)
  A rime drake (Lair:4)
  3 efreet
  A yaktaur skeleton (Vaults:2)
  24 yaktaurs
  3 kobold demonologists
  13 ice devils (IceCv)
  2 freezing wraiths
  2 hellwings (Depths:3)
  A meliai (shapeshifter) (Vaults:4)
  13 trolls
  3 polar bears (Lair:6)
  38 merfolk
  3 tengu conjurers
  6 ancient zymes
  2 wind drakes
  A polar bear (shapeshifter) (Depths:3)
  3 meliai (D:14)
  10 hornets
  12 dream sheep
  24 slime creatures
  7 snapping turtles
  10 blink frogs
  An ettin zombie (Abyss:2)
  24 raiju
  13 hippogriffs
  A snapping turtle (shapeshifter) (Depths:5)
  18 water elementals
  An air elemental (Elf:2)
  15 spriggans
  2 wraiths
  Sigmund (D:5)
  3 ynoxinuls
  3 fire elementals
  3 shadows
  A shapeshifter (Vaults:5)
  34 yaks
  3 hogs (Shoals:3)
  A basilisk (shapeshifter) (Vaults:3)
  3 basilisks
  7 vampire mosquitoes
  3 chaos spawn
  A golden eye (Abyss:4)
  7 hungry ghosts
  A human (D:10)
  14 small abominations
  9 wargs
  3 neqoxecs
  17 insubstantial wisps
  A soldier ant (D:14)
  60 nagas
  16 water moccasins
  Edmund (D:5)
  8 acid dragons
  An acid dragon (shapeshifter) (Abyss:3)
  2 floating eyes
  2 hell hounds
  A porcupine (shapeshifter) (D:15)
  3 sky beasts
  8 porcupines
  31 orc warriors
  2 phantoms (D:11)
  6 ice beasts
  A necrophage (D:8)
  An eye of draining (D:12)
  23 boggarts
  7 black bears
  44 ogres
  38 wolves
  20 centaurs
  15 crocodiles
  22 bullfrogs
  17 big kobolds
  6 earth elementals
  3 water moccasin zombies (Ossuary)
  4 scorpions
  A wyvern skeleton (D:13)
  8 killer bees
  A troll zombie (D:11)
  3 howler monkeys
  An electric eel (Lair:3)
  10 crimson imps
  3 centaur zombies
  A quasit (D:9)
  2 bullfrog zombies
  20 starcursed masses
  5 jellies
  10 orc priests
  7 hounds
  2 bullfrog skeletons
  3 iguanas
  16 orc wizards
  2 hell rats (Lair:2)
  13 worker ants
  3 yak simulacra (Lair:6)
  2 wolf simulacra (Lair:6)
  3 big kobold zombies (Ossuary)
  7 ogre zombies (D:11)
  A hound zombie (D:8)
  3 hound skeletons
  2 mummies (Ossuary)
  2 worker ant zombies
  A howler monkey zombie (D:11)
  A howler monkey skeleton (D:11)
  13 adders
  8 river rats
  5 shadow imps
  9 white imps
  10 ufetubi
  An ooze (D:3)
  An adder skeleton (D:5)
  7 adder zombies
  6 worms
  2 dart slugs
  6 leopard geckos
  86 orcs
  A ball python (D:5)
  5 giant cockroaches
  7 goblins
  4 hobgoblins
  7 jackals
  6 quokkas
  8 bats
  5 frilled lizards
  A gnoll zombie (Ossuary)
  A goblin skeleton (D:11)
  3 goblin zombies (D:11)
  12 hobgoblin zombies
  A jackal skeleton (D:8)
  28 kobolds
  3 kobold zombies (Ossuary)
  2 orc skeletons (D:11)
  21 orc zombies
  21 rats
  6 river rat simulacra (Lair:6)
  4 fungi
  A lurking horror (Abyss:3)
  4 plants
  9 starspawn tentacles
  A tentacle (Shoals:4)
2270 creatures vanquished.

Vanquished Creatures (collateral kills)
  Mennas (Vaults:2)
  Nikola (Shoals:2)
  A lich (Abyss:2)
  Jorgrun (Orc:1)
  An Ice Fiend (IceCv)
  Rupert (Lair:6)
  A titan (Depths:3)
  2 deep elf blademasters (Elf:3)
  Polyphemus (Shoals:1)
  2 tentacled starspawn (Abyss:2)
  A shadow dragon (Depths:3)
  Roxanne (Shoals:2)
  A fire giant (Depths:2)
  A frost giant (Depths:4)
  An angel (Abyss:3)
  An ophan (Abyss:2)
  A very ugly thing (Depths:3)
  A deep elf annihilator (Elf:3)
  A yaktaur captain (Depths:2)
  A merfolk impaler (Shoals:1)
  A naga warrior (Snake:3)
  A merfolk aquamancer (Shoals:4)
  2 hydras
  An ogre mage (Vaults:2)
  A two-headed ogre (Vaults:2)
  4 dancing weapons
  A vampire mage (Depths:3)
  A skeletal warrior (D:11)
  A wretched star (Abyss:3)
  A deep elf knight (Elf:2)
  A deep troll (Vaults:5)
  A deep elf mage (Elf:2)
  A worldbinder (Abyss:3)
  A vault sentinel (Vaults:2)
  A smoke demon (Abyss:3)
  A hellion (Depths:3)
  2 yaktaurs
  A merfolk (Shoals:1)
  2 komodo dragons
  A tormentor (Abyss:3)
  A wind drake (Shoals:1)
  An ice devil (IceCv)
  2 raiju (Abyss:2)
  A hydra skeleton (Abyss:2)
  A slime creature (Depths:4)
  2 yaks (Lair:6)
  A basilisk (D:11)
  A neqoxec (Abyss:3)
  A naga (Snake:4)
  A large abomination (Abyss:2)
  2 ogres (Vaults:2)
  2 small abominations
  6 killer bees (D:10)
70 creatures vanquished.

Vanquished Creatures (others)
  A revenant (Vaults:2)
  A vampire knight (Depths:3)
  A yaktaur captain (Vaults:5)
  An ogre mage (Vaults:2)
  A shock serpent (Snake:3)
  A deep elf archer (Vaults:4)
  A salamander (Depths:3)
  A yaktaur (Depths:4)
  An ancient zyme (Abyss:3)
  A boggart (Depths:2)
  3 white imps (IceCv)
  2 ufetubi
  An orc (Orc:2)
  A fire vortex (Depths:3)
  A fungus (Lair:4)
  4 lurking horrors
  19 plants
  23 starspawn tentacles
  4 tentacles (Shoals:4)
68 creatures vanquished.

Grand Total: 2408 creatures vanquished

Notes
Turn   | Place    | Note
-------+----------+-------------------------------------------
     0 | D:1      | ANON1729 the Minotaur Berserker began the quest for the
                  | Orb.
     0 | D:1      | Reached XP level 1. HP: 19/19 MP: 0/0
   311 | D:1      | Reached XP level 2. HP: 27/27 MP: 1/1
   598 | D:1      | Found a sparkling altar of Nemelex Xobeh.
   819 | D:2      | Reached ** piety under Trog
   827 | D:2      | Reached XP level 3. HP: 21/33 MP: 2/2
  1332 | D:2      | Reached XP level 4. HP: 38/40 MP: 3/3
  1478 | D:3      | Found a faded altar of an unknown god.
  1638 | D:3      | Reached *** piety under Trog
  1922 | D:3      | Found a glowing drain.
  1965 | Sewer    | Entered a sewer
  1979 | Sewer    | Reached XP level 5. HP: 46/47 MP: 4/4
  2201 | Sewer    | Found a white marble altar of Elyvilon.
  2467 | D:4      | Found a staircase to the Ecumenical Temple.
  2477 | D:4      | Noticed an ogre
  2478 | D:4      | Reached skill level 5 in Fighting
  2478 | D:4      | Reached skill level 5 in Long Blades
  2478 | D:4      | Reached skill level 5 in Armour
  2488 | D:4      | Reached XP level 6. HP: 49/56 MP: 5/5
  2815 | D:4      | Found an opulent altar of Gozag.
  3665 | D:5      | Entered Level 5 of the Dungeon
  3724 | D:5      | Found a blossoming altar of Fedhas.
  3788 | D:5      | Reached XP level 7. HP: 61/61 MP: 6/6
  3792 | D:5      | Found a sand-covered staircase.
  3898 | Ossuary  | Entered an ossuary
  3909 | Ossuary  | Reached **** piety under Trog
  3992 | Ossuary  | Reached XP level 8. HP: 51/71 MP: 7/7
  4340 | D:5      | Noticed Sigmund
  4348 | D:5      | Killed Sigmund
  4375 | D:5      | Noticed Edmund
  4389 | D:5      | Killed Edmund
  4389 | D:5      | Received a gift from Trog
  4631 | D:6      | Found a bloodstained altar of Trog.
  4675 | D:6      | Reached skill level 1 in Throwing
  4765 | D:6      | Got a translucent emerald amulet
  4795 | D:6      | Identified an amulet of the Ant {Faith rElec rN+ MR+} (You
                  | found it on level 6 of the Dungeon)
  5142 | D:7      | Noticed a hippogriff
  5147 | D:7      | Killed a hippogriff
  5147 | D:7      | Reached XP level 9. HP: 50/79 MP: 8/8
  5461 | D:7      | Received a gift from Trog
  5954 | D:8      | Reached skill level 10 in Armour
  5969 | D:8      | Found a glowing golden altar of the Shining One.
  6054 | D:8      | Reached skill level 10 in Long Blades
  6068 | D:8      | Reached ***** piety under Trog
  6584 | D:8      | Found a radiant altar of Vehumet.
  6906 | D:9      | Reached XP level 10. HP: 69/90 MP: 9/9
  7039 | D:9      | Found a staircase to the Lair.
  7253 | D:9      | Found a shattered altar of Ashenzari.
  7261 | D:9      | Found a hazy altar of Hepliaklqana.
  7374 | D:9      | Found a shadowy altar of Dithmenos.
  7516 | D:10     | Entered Level 10 of the Dungeon
  7614 | D:10     | HP: 2/90 [komodo dragon (19)]
  8292 | D:10     | Noticed a six-headed hydra
  8833 | D:9      | Killed a six-headed hydra
  8833 | D:9      | Reached skill level 5 in Throwing
  9117 | D:11     | Noticed a purple ugly thing
  9127 | D:11     | Killed a purple ugly thing
  9262 | D:11     | Noticed a brown ugly thing
  9269 | D:11     | Reached XP level 11. HP: 93/97 MP: 10/10
  9279 | D:11     | Killed a brown ugly thing
  9296 | D:11     | Received a gift from Trog
  9375 | D:11     | Received a gift from Trog
  9628 | D:11     | Noticed Urug
  9643 | D:11     | Killed Urug
  9709 | D:11     | Found a staircase to the Orcish Mines.
 10121 | D:11     | Got a heavily runed silver ring
 10284 | D:11     | Reached skill level 10 in Fighting
 10333 | D:11     | Noticed a skeletal warrior
 10367 | D:11     | HP: 3/99 [skeletal warrior/+0 battleaxe (18)]
 10372 | D:11     | Killed a skeletal warrior
 10410 | D:11     | Identified the Tome of the Helpful Arsonist
 10413 | D:11     | Got an emerald-encrusted chain mail
 10434 | D:11     | Identified the ring of Spring {rCorr rN++ Slay+3} (You
                  | found it on level 11 of the Dungeon)
 10447 | D:11     | Identified the +5 chain mail of the Frog {rF+ Str+4} (You
                  | found it on level 11 of the Dungeon)
 10710 | D:11     | Received a gift from Trog
 11137 | D:12     | Noticed a white ugly thing
 11145 | D:12     | Killed a white ugly thing
 12006 | D:12     | Noticed a brown ugly thing
 12012 | D:12     | Killed a brown ugly thing
 12012 | D:12     | Reached XP level 12. HP: 62/108 MP: 3/11
 12562 | D:13     | Received a gift from Trog
 13188 | D:13     | Noticed a centaur warrior
 13193 | D:13     | Killed a centaur warrior
 13746 | Lair:1   | Entered Level 1 of the Lair of Beasts
 13746 | Lair:1   | Noticed an eight-headed hydra
 13754 | Lair:1   | Killed an eight-headed hydra
 14015 | Lair:1   | Found a deep blue altar of Sif Muna.
 14300 | Lair:1   | Noticed a four-headed hydra
 14310 | Lair:1   | HP: 5/110 [four-headed hydra (2)]
 14312 | Lair:1   | Killed a four-headed hydra
 15058 | Lair:1   | Noticed a four-headed hydra
 15062 | Lair:1   | Killed a six-headed hydra
 15111 | Lair:1   | Noticed a seven-headed hydra
 15115 | Lair:1   | Killed a seven-headed hydra
 15115 | Lair:1   | Reached skill level 15 in Armour
 15663 | Lair:2   | Reached skill level 15 in Long Blades
 15720 | Lair:2   | Reached ****** piety under Trog
 15820 | Lair:2   | Received a gift from Trog
 15820 | Lair:2   | Reached XP level 13. HP: 116/116 MP: 4/12
 16461 | Lair:3   | Got a warped scale mail
 16472 | Lair:3   | Identified the cursed +0 scale mail of Negligence {rF++
                  | MR++ Str-5} (You found it on level 3 of the Lair of Beasts)
 16826 | Lair:3   | Got a crude bronze ring
 16836 | Lair:3   | Identified the ring "Jallittu" {rElec rF+ MR- Dex+3 Stlth-}
                  | (You found it on level 3 of the Lair of Beasts)
 17200 | Lair:4   | Found a staircase to the Snake Pit.
 17809 | Lair:4   | Got a brightly glowing glass ring
 17835 | Lair:4   | Identified the cursed ring "Wiwissef" {rN+ Str+6 Int-3}
                  | (You found it on level 4 of the Lair of Beasts)
 17929 | Lair:4   | Found a staircase to the Shoals.
 18116 | Lair:4   | Noticed Nergalle
 18123 | Lair:4   | Killed Nergalle
 18305 | Lair:4   | Received a gift from Trog
 19441 | Lair:6   | Entered Level 6 of the Lair of Beasts
 19849 | Lair:6   | Reached XP level 14. HP: 59/127 MP: 4/13
 20813 | Lair:6   | Noticed Rupert
 20820 | Lair:6   | Killed Rupert
 21095 | Lair:6   | Received a gift from Trog
 21360 | Lair:6   | Paralysed by a hornet for 1 turns
 22101 | Lair:6   | Found a viscous altar of Jiyva.
 22102 | Lair:6   | Found a staircase to the Slime Pits.
 22536 | Orc:1    | Entered Level 1 of the Orcish Mines
 22562 | Orc:1    | Reached skill level 10 in Throwing
 22630 | Orc:1    | Noticed Jorgrun
 22643 | Orc:1    | Killed Jorgrun
 22683 | Orc:1    | Received a gift from Trog
 23176 | Orc:1    | Found a bloodstained altar of Trog.
 23443 | Orc:2    | Entered Level 2 of the Orcish Mines
 23455 | Orc:2    | Noticed Sonja
 23456 | Orc:2    | Cast into level 2 of the Abyss (Sonja)
 23478 | Abyss:3  | Got an ancient scale mail
 23553 | Orc:2    | Escaped the Abyss
 23706 | Orc:2    | Killed Sonja
 24060 | Orc:2    | Identified the +1 scale mail of the Shoals {rC+} (You found
                  | it on level 3 of the Abyss)
 24109 | Orc:2    | Found a staircase to the Elven Halls.
 24251 | Orc:2    | Found Ucun's Armour Emporium.
 24271 | Orc:2    | Received a gift from Trog
 24307 | Orc:2    | Reached XP level 15. HP: 37/136 MP: 4/14
 24540 | Orc:2    | Received a gift from Trog
 24562 | Orc:2    | Found Engaifad's Gadget Shop.
 24793 | Orc:2    | Found Hupowutt's Armour Shoppe.
 24837 | Orc:2    | Found Giseadd's Weapon Emporium.
 25119 | D:14     | Found a gate to the Vaults.
 25178 | D:14     | Received a gift from Trog
 25379 | D:14     | Noticed makkenr95's ghost (journeyman MiFi)
 25395 | D:14     | Found a runed translucent gate.
 25395 | D:14     | Found a runed translucent gate.
 25395 | D:14     | Found a runed translucent gate.
 25409 | D:14     | Found a transporter.
 25410 | D:14     | Noticed an acid blob
 26155 | D:14     | Found a transporter.
 26634 | D:14     | Paralysed by a hornet for 2 turns
 26648 | D:14     | Killed makkenr95's ghost
 27012 | D:14     | Received a gift from Trog
 27044 | D:14     | Killed an acid blob
 27257 | D:15     | Entered Level 15 of the Dungeon
 27273 | D:15     | Got a scorched hunting sling
 27290 | D:15     | Identified the +8 hunting sling "Russalup" {flame, Dex+2}
                  | (You found it on level 15 of the Dungeon)
 28449 | D:15     | Found a staircase to the Depths.
 28969 | Elf:1    | Entered Level 1 of the Elven Halls
 29409 | Elf:1    | Received a gift from Trog
 29893 | Elf:1    | Reached XP level 16. HP: 147/147 MP: 5/15
 30748 | Elf:2    | Found a runed translucent gate.
 30748 | Elf:2    | Found a runed translucent gate.
 30748 | Elf:2    | Found a runed translucent gate.
 30923 | Elf:2    | Received a gift from Trog
 32401 | Elf:2    | Reached skill level 15 in Fighting
 32609 | Elf:2    | Received a gift from Trog
 33335 | Elf:2    | Received a gift from Trog
 33744 | Elf:3    | Entered Level 3 of the Elven Halls
 33746 | Elf:3    | Found Comah's Magic Scroll Boutique.
 33755 | Elf:3    | Found Ryoc's Jewellery Shoppe.
 33809 | Elf:3    | Found a frozen archway.
 33857 | IceCv    | Entered an ice cave
 34076 | IceCv    | Noticed an Ice Fiend
 34077 | IceCv    | Noticed an Ice Fiend
 34120 | IceCv    | Killed an Ice Fiend
 34333 | IceCv    | Killed an Ice Fiend
 34373 | IceCv    | Received a gift from Trog
 34373 | IceCv    | Reached XP level 17. HP: 107/156 MP: 5/16
 34692 | IceCv    | Identified the Almanac of Clay
 35577 | Elf:3    | Found Kupim's Antique Weapon Shop.
 35859 | Elf:3    | Noticed Asterion
 35867 | Elf:3    | Killed Asterion
 36222 | Elf:3    | Identified the cursed +0 broad axe of Success {antimagic,
                  | rElec rPois Int-2}
 36522 | Elf:3    | Noticed a deep elf master archer
 36544 | Elf:3    | Killed a deep elf master archer
 36877 | Elf:3    | Cast into level 2 of the Abyss (a deep elf sorcerer)
 36890 | Abyss:2  | Received a gift from Trog
 37074 | Abyss:2  | Found a sparkling altar of Nemelex Xobeh.
 37091 | Abyss:2  | Found a corrupted altar of Lugonu.
 37217 | Abyss:2  | Gained mutation: You do not regenerate when monsters are
                  | visible. [a neqoxec]
 37219 | Abyss:2  | Gained mutation: Scrolls take you a little longer to read.
                  | [a neqoxec]
 37445 | Abyss:2  | Noticed a lich
 37453 | Abyss:2  | Killed a lich
 37464 | Elf:3    | Escaped the Abyss
 37688 | Elf:3    | Noticed a Brimstone Fiend
 38000 | Elf:2    | Received a gift from Trog
 38087 | Elf:3    | Noticed a deep elf blademaster
 38093 | Elf:3    | Noticed a deep elf blademaster
 38101 | Elf:3    | Killed a deep elf blademaster
 38101 | Elf:3    | Noticed a deep elf blademaster
 38105 | Elf:3    | Killed a deep elf blademaster
 38110 | Elf:3    | Killed a deep elf blademaster
 38532 | Elf:3    | Identified the ring "Memesmoi" {rF+ rC- MR+ Int+3 Slay+2}
 38590 | Elf:3    | Identified the cursed +1 battleaxe of the Final Decision
                  | {pain, Int+5 Dex-5}
 38602 | Elf:3    | Reached XP level 18. HP: 101/166 MP: 5/17
 38641 | Elf:3    | Identified the +7 battleaxe of the Final Chapter {protect,
                  | rN+ Dex+2}
 38884 | Elf:3    | Identified the Volume of Destructive Evil Magic
 39351 | Shoals:1 | Entered Level 1 of the Shoals
 40429 | Shoals:1 | Reached skill level 1 in Evocations
 41823 | Shoals:2 | Noticed Polyphemus
 41959 | Shoals:1 | Killed Polyphemus
 42672 | Shoals:2 | Received a gift from Trog
 42751 | Shoals:2 | Noticed Nikola
 42752 | Shoals:2 | Identified Roxanne's Incunabulum of Clay
 42752 | Shoals:2 | Noticed Roxanne
 42764 | Shoals:2 | Killed Nikola
 42773 | Shoals:2 | Killed Roxanne
 43221 | Shoals:3 | Received a gift from Trog
 43707 | Shoals:3 | Noticed Kirke
 43734 | Shoals:3 | Killed Kirke
 43992 | Shoals:3 | Identified the ring "Qaokh" {rPois Dex+2}
 44008 | Shoals:3 | Noticed Ilsuiw
 44045 | Shoals:3 | Killed Ilsuiw
 45222 | Shoals:4 | Entered Level 4 of the Shoals
 46444 | Shoals:3 | Lost mutation: Scrolls take you a little longer to read.
                  | [potion of mutation]
 46444 | Shoals:3 | Lost mutation: You do not regenerate when monsters are
                  | visible. [potion of mutation]
 46444 | Shoals:3 | Gained mutation: Your flesh is cold resistant. (rC+)
                  | [potion of mutation]
 46444 | Shoals:3 | Gained mutation: You do not regenerate when monsters are
                  | visible. [potion of mutation]
 46444 | Shoals:3 | Gained mutation: You expend magic power (3 MP) to
                  | strengthen your wands. [potion of mutation]
 46445 | Shoals:3 | Lost mutation: You expend magic power (3 MP) to strengthen
                  | your wands. [potion of mutation]
 46445 | Shoals:3 | Lost mutation: Your flesh is cold resistant. (rC+) [potion
                  | of mutation]
 46445 | Shoals:3 | Lost mutation: You do not regenerate when monsters are
                  | visible. [potion of mutation]
 46445 | Shoals:3 | Gained mutation: You are partially covered in large bone
                  | plates. (SH +4) [potion of mutation]
 46445 | Shoals:3 | Gained mutation: You have large cloven feet. [potion of
                  | mutation]
 46563 | Shoals:4 | Reached skill level 5 in Dodging
 47318 | Shoals:4 | Received a gift from Trog
 47400 | Shoals:4 | Identified the +10 broad axe of Fundamental Breach {chop,
                  | +Rage Int+3 Dex+2 SInv} (You found it on level 4 of the
                  | Shoals)
 47764 | Shoals:4 | Received a gift from Trog
 47781 | Shoals:4 | Reached XP level 19. HP: 20/174 MP: 20/20
 48650 | Shoals:4 | Got a barnacled rune of Zot
 48888 | Vaults:1 | Entered Level 1 of the Vaults
 48911 | Vaults:1 | Received a gift from Trog
 49126 | Vaults:1 | Noticed Saint Roka
 49139 | Vaults:1 | Killed Saint Roka
 49570 | Vaults:1 | Received a gift from Trog
 50523 | Vaults:1 | Received a gift from Trog
 50924 | Vaults:2 | Received a gift from Trog
 51075 | Vaults:2 | Noticed Donald
 51180 | Vaults:2 | Received a gift from Trog
 51347 | Vaults:2 | Reached skill level 5 in Evocations
 51789 | Vaults:2 | Killed Donald
 51859 | Vaults:2 | Noticed Mennas
 52420 | Vaults:2 | Killed Mennas
 52432 | Vaults:2 | Received a gift from Trog
 52910 | Vaults:2 | Reached XP level 20. HP: 183/184 MP: 23/23
 53382 | Vaults:2 | Found a staircase to the Crypt.
 53393 | Vaults:2 | Received a gift from Trog
 53921 | Vaults:3 | Paralysed by a hornet for 2 turns
 54372 | Vaults:3 | Received a gift from Trog
 54679 | Vaults:3 | Received a gift from Trog
 54900 | Vaults:3 | Found Peecoaxa's Book Boutique.
 55212 | Vaults:3 | Received a gift from Trog
 56590 | Vaults:4 | Received a gift from Trog
 57030 | Vaults:4 | Reached XP level 21. HP: 102/194 MP: 25/25
 57591 | Snake:1  | Entered Level 1 of the Snake Pit
 58507 | Snake:1  | Found Dataneh's Gadget Emporium.
 59021 | Snake:1  | Received a gift from Trog
 59621 | Snake:2  | Received a gift from Trog
 60716 | Snake:3  | Received a gift from Trog
 61135 | Snake:3  | Reached skill level 15 in Throwing
 61360 | Snake:4  | Entered Level 4 of the Snake Pit
 62501 | Snake:4  | Received a gift from Trog
 63361 | Snake:4  | Reached skill level 10 in Dodging
 64179 | Snake:4  | Received a gift from Trog
 64543 | Snake:4  | Got a serpentine rune of Zot
 65039 | Depths:1 | Entered Level 1 of the Depths
 65055 | Depths:1 | Found a gateway to Hell.
 65150 | Depths:1 | Reached XP level 22. HP: 197/203 MP: 27/27
 65249 | Depths:1 | Found a one-way gate to the infinite horrors of the Abyss.
 65284 | Depths:1 | Received a gift from Trog
 65626 | Depths:1 | Found a gateway to a ziggurat.
 66151 | Depths:1 | Found Cump's Antique Weapon Shoppe.
 66854 | Depths:2 | Paralysed by a floating eye for 4 turns
 67287 | Depths:2 | Received a gift from Trog
 67560 | Depths:2 | Received a gift from Trog
 68205 | Depths:2 | Received a gift from Trog
 68384 | Depths:2 | HP: 5/204 [titan (41)]
 69666 | Depths:3 | Received a gift from Trog
 69837 | Depths:3 | Found a one-way gate leading to the halls of Pandemonium.
 70466 | Depths:3 | Reached XP level 23. HP: 114/213 MP: 29/29
 70992 | Depths:3 | Received a gift from Trog
 71331 | Depths:3 | Noticed a caustic shrike
 71339 | Depths:3 | Noticed a juggernaut
 71344 | Depths:3 | Killed a caustic shrike
 71350 | Depths:3 | Killed a juggernaut
 72137 | Depths:3 | Found a corrupted altar of Lugonu.
 72920 | Depths:4 | Received a gift from Trog
 73476 | Depths:3 | Received a gift from Trog
 73493 | Depths:3 | Reached skill level 10 in Evocations
 73994 | Depths:4 | Received a gift from Trog
 74716 | Depths:4 | You fall through a shaft!
 74716 | Depths:5 | Entered Level 5 of the Depths
 74814 | Depths:5 | Noticed a caustic shrike
 74819 | Depths:5 | Killed a caustic shrike
 74828 | Depths:5 | Identified the Incunabulum of Mutagenic Attacks
 75479 | Depths:5 | Reached XP level 24. HP: 98/223 MP: 29/29
 76835 | Depths:5 | Received a gift from Trog
 77127 | Depths:5 | Found a shimmering altar of Xom.
 77130 | Depths:5 | Found a deep blue altar of Sif Muna.
 77137 | Depths:5 | Found a glowing golden altar of the Shining One.
 77581 | Depths:5 | Received a gift from Trog
 78180 | Depths:5 | Identified the amulet of Zin's Scorn {Acrobat rF+}
 78547 | Depths:5 | Identified the +7 chain mail of Hadjma {rElec rPois Dex-4}
                  | (You found it on level 5 of the Depths)
 78625 | Depths:5 | Noticed a juggernaut
 78634 | Depths:5 | Killed a juggernaut
 78849 | Depths:5 | Found a gate to the Realm of Zot.
 79080 | Depths:5 | Noticed a juggernaut
 79091 | Depths:5 | Killed a juggernaut
 79791 | Depths:4 | Noticed a juggernaut
 79808 | Depths:4 | Killed a juggernaut
 79808 | Depths:4 | Received a gift from Trog
 80170 | Depths:4 | Identified the +7 flail of Contradiction {pain, Dex+5}
 81752 | Depths:1 | Voluntarily entered the Abyss.
 81771 | Depths:1 | Escaped the Abyss
 81968 | Depths:1 | Voluntarily entered the Abyss.
 81968 | Abyss:1  | Found a corrupted altar of Lugonu.
 82053 | Abyss:1  | Reached XP level 25. HP: 219/233 MP: 30/30
 82430 | Abyss:2  | Received a gift from Trog
 82822 | Abyss:3  | Gained mutation: Your body sometimes deteriorates upon
                  | taking damage. [a neqoxec]
 82826 | Abyss:3  | Reached skill level 27 in Armour
 82834 | Abyss:3  | Received a gift from Trog
 83347 | Abyss:4  | Gained mutation: You are clumsy. (Dex -2) [a neqoxec]
 83412 | Abyss:3  | Reached skill level 27 in Long Blades
 83422 | Abyss:3  | Received a gift from Trog
 83777 | Abyss:3  | Paralysed by accursed screaming for 1 turns
 83785 | Depths:1 | Escaped the Abyss
 83954 | Depths:1 | Voluntarily entered the Abyss.
 83972 | Abyss:1  | Received a gift from Trog
 83983 | Abyss:2  | Lost mutation: Your body sometimes deteriorates upon taking
                  | damage. [potion of mutation]
 83983 | Abyss:2  | Lost mutation: You have large cloven feet. [potion of
                  | mutation]
 83983 | Abyss:2  | Gained mutation: You passively map a small area around you.
                  | [potion of mutation]
 83983 | Abyss:2  | Gained mutation: You are surrounded by a mild repulsion
                  | field. (EV +2) [potion of mutation]
 84130 | Abyss:3  | Found a glowing golden altar of the Shining One.
 84202 | Abyss:3  | Noticed a juggernaut
 84211 | Abyss:3  | Killed a juggernaut
 84214 | Abyss:3  | Got an abyssal rune of Zot
 84325 | Depths:1 | Escaped the Abyss
 84337 | Depths:1 | Voluntarily entered the Abyss.
 84367 | Depths:1 | Escaped the Abyss
 84647 | Vaults:4 | Lost mutation: You are partially covered in large bone
                  | plates. (SH +4) [potion of mutation]
 84647 | Vaults:4 | Lost mutation: You are surrounded by a mild repulsion
                  | field. (EV +2) [potion of mutation]
 84647 | Vaults:4 | Lost mutation: You are clumsy. (Dex -2) [potion of
                  | mutation]
 84647 | Vaults:4 | Gained mutation: You occasionally shout uncontrollably at
                  | your foes. [potion of mutation]
 84647 | Vaults:4 | Gained mutation: You are agile. (Dex +2) [potion of
                  | mutation]
 84649 | Vaults:4 | Lost mutation: You are agile. (Dex +2) [potion of mutation]
 84649 | Vaults:4 | Lost mutation: You occasionally shout uncontrollably at
                  | your foes. [potion of mutation]
 84649 | Vaults:4 | Gained mutation: You are robust. (+10% HP) [potion of
                  | mutation]
 84649 | Vaults:4 | Lost mutation: You passively map a small area around you.
                  | [potion of mutation]
 84649 | Vaults:4 | Gained mutation: Armour fits poorly on your strangely
                  | shaped body. [potion of mutation]
 84649 | Vaults:4 | Gained mutation: You are resistant to hostile enchantments.
                  | (MR+) [potion of mutation]
 84650 | Vaults:4 | Lost mutation: You are robust. (+10% HP) [potion of
                  | mutation]
 84650 | Vaults:4 | Lost mutation: You are resistant to hostile enchantments.
                  | (MR+) [potion of mutation]
 84650 | Vaults:4 | Lost mutation: Armour fits poorly on your strangely shaped
                  | body. [potion of mutation]
 84650 | Vaults:4 | Gained mutation: You expend magic power (3 MP) to
                  | strengthen your wands. [potion of mutation]
 84650 | Vaults:4 | Gained mutation: You possess an exceptional clarity of
                  | mind. [potion of mutation]
 84652 | Vaults:4 | Lost mutation: You possess an exceptional clarity of mind.
                  | [potion of mutation]
 84652 | Vaults:4 | Lost mutation: You expend magic power (3 MP) to strengthen
                  | your wands. [potion of mutation]
 84652 | Vaults:4 | Gained mutation: Your magical capacity is low. (-10% MP)
                  | [potion of mutation]
 84652 | Vaults:4 | Gained mutation: You have a pair of large horns on your
                  | head. [potion of mutation]
 84653 | Vaults:4 | Lost mutation: You have a pair of large horns on your head.
                  | [potion of mutation]
 84653 | Vaults:4 | Lost mutation: Your magical capacity is low. (-10% MP)
                  | [potion of mutation]
 84653 | Vaults:4 | Gained mutation: You evolve. [potion of mutation]
 84653 | Vaults:4 | Gained mutation: Your flesh is cold resistant. (rC+)
                  | [potion of mutation]
 84653 | Vaults:4 | Gained mutation: You are resistant to hostile enchantments.
                  | (MR+) [potion of mutation]
 84677 | Vaults:5 | Entered Level 5 of the Vaults
 85186 | Vaults:4 | Received a gift from Trog
 85863 | Vaults:4 | Killed from afar by a golden dragon

Skill      XL: |  1  2  3  4  5  6  7  8  9 10 11 12 13 14 15 16 17 18 19 20 21 22 23 24 25 |
---------------+----------------------------------------------------------------------------+-----
Long Blades    | 4 5 7 9 10 12 13 15 16 17 19 20 21 22 23 24 25 26 27 | 27.0
Fighting       | 4 5 6 7 8 9 10 11 12 13 14 15 16 17 18 19 20 21 | 21.2
Armour         | 3 4 5 6 7 9 10 12 13 15 16 17 19 20 21 22 23 24 25 26 27 | 27.0
Dodging        | 3 5 7 8 10 11 12 13 14 | 14.6
Throwing       | 2 3 5 6 8 9 10 11 12 13 14 15 16 17 | 17.8
Evocations     | 3 5 7 8 9 10 11 12 | 12.5

Action                   |  1- 3 |  4- 6 |  7- 9 | 10-12 | 13-15 | 16-18 | 19-21 | 22-24 | 25-27 || total
-------------------------+-------+-------+-------+-------+-------+-------+-------+-------+-------++-------
Melee: Falchion          |   101 |   103 |       |       |       |       |       |       |       ||   204
       Headbutt          |    15 |    25 |    54 |   162 |   253 |   259 |   384 |   435 |   158 ||  1745
       Great sword       |       |    47 |   258 |   462 |       |       |       |       |       ||   767
       Triple sword      |       |       |       |   128 |   857 |   972 |  1284 |  1143 |   333 ||  4717
       Eudemon blade     |       |       |       |       |       |       |    17 |    69 |   139 ||   225
Throw: Javelin           |       |       |       |    12 |     9 |     4 |       |       |       ||    25
       Tomahawk          |       |       |       |    14 |    42 |    40 |    31 |     8 |     9 ||   144
Invok: Berserk           |       |       |     1 |     2 |     1 |     1 |     3 |       |       ||     8
       Brothers in Arms  |       |       |       |     4 |     3 |    15 |     6 |     7 |     5 ||    40
       Trog's Hand       |       |       |       |     2 |     3 |    13 |     5 |     4 |    16 ||    43
Evoke: Wand              |       |       |       |     1 |     2 |     1 |     2 |     3 |     1 ||    10
       Lamp of fire      |       |       |       |       |       |     2 |     2 |       |       ||     4
       Phial of floods   |       |       |       |       |       |     1 |     1 |     1 |     1 ||     4
       Sack of spiders   |       |       |       |       |       |       |     2 |       |       ||     2
  Use: Scroll            |       |       |    10 |    24 |    10 |    13 |    12 |    18 |     3 ||    90
       Potion            |       |       |       |     1 |       |    12 |     8 |     4 |    11 ||    36
 Stab: Sleeping          |     1 |       |       |       |       |       |       |       |       ||     1
       Distracted        |       |       |       |       |       |     2 |     2 |     2 |     1 ||     7
       Petrified         |       |       |       |       |       |     2 |     1 |     3 |       ||     6
       Petrifying        |       |       |       |       |       |     1 |     6 |     9 |     2 ||    18
       Paralysed         |       |       |       |       |       |       |     8 |    13 |     1 ||    22
       Confused          |       |       |       |       |       |       |     1 |     1 |       ||     2
  Eat: Chunk             |     1 |     8 |     7 |    20 |    35 |    36 |    27 |    16 |     1 ||   151
       Ration            |       |       |     4 |     5 |     4 |    10 |    11 |    12 |     6 ||    52
Armor: Animal skin       |     6 |       |       |       |       |       |       |       |       ||     6
       Storm dragon scal |    60 |    86 |   181 |   177 |       |       |       |       |       ||   504
       Chain mail        |       |       |       |   189 |   528 |   637 |   564 |   477 |       ||  2395
       Gold dragon scale |       |       |       |       |       |       |       |    26 |   346 ||   372
Dodge: Dodged            |    45 |    65 |   146 |   321 |   497 |   465 |   650 |   565 |   316 ||  3070
       Deflected         |       |       |       |    12 |    37 |   120 |   128 |    40 |    23 ||   360
Block: Other             |       |       |       |       |       |    18 |   199 |   144 |    31 ||   392
       Rpst.: Falchion   |    12 |    12 |       |       |       |       |       |       |       ||    24
       Great sword       |       |     6 |    47 |    63 |       |       |       |       |       ||   116
       Triple sword      |       |       |       |    15 |   114 |    87 |   112 |    95 |    37 ||   460
       Eudemon blade     |       |       |       |       |       |       |     1 |     8 |    12 ||    21
